 Dungeon Crawl Stone Soup version 0.29-a0-9-g022ca4c890 (webtiles) character file.

Game seed: 9602952196627949451

147 dolemite99 the Cutter (level 5, -11/38 HPs)
             Began as a Demonspawn Gladiator on Jan 28, 2022.
             Killed by divine providence
             ... invoked by an orc priest
              (17 damage)
             ... on level 3 of the Dungeon.
             The game lasted 00:02:27 (4047 turns).

dolemite99 the Cutter (Demonspawn Gladiator)        Turns: 4047, Time: 00:02:28

Health: -11/38     AC:  6    Str: 17    XL:     5   Next: 8%
Magic:  5/5        EV: 10    Int:  9    God:
Gold:   98         SH:  0    Dex: 14    Spells: 4/4 levels left

rFire   . . .      SeeInvis .   f - +0 dagger (venom)
rCold   . . .      Faith    .   (no shield)
rNeg    . . .      Spirit   .   v - +0 scale mail
rPois   .          Reflect  .   (helmet restricted)
rElec   .          Harm     .   (no cloak)
rCorr   .          Rampage  .   (no gloves)
Will    .....                   (no boots)
Stlth   ..........              (no amulet)
HPRegen 0.12/turn               (no ring)
MPRegen 0.09/turn               (no ring)

@: flying
A: antennae 1, hooves 1, ignite blood 1, powered by death 1
a: no special abilities


You were on level 3 of the Dungeon.
You visited 1 branch of the dungeon, and saw 3 of its levels.

You collected 98 gold pieces.

Inventory:

Hand Weapons
 f - a +0 dagger of venom (weapon)
 n - a +0 short sword of venom
 q - a +0 dagger of venom
 s - a +2 short sword of venom
Missiles
 c - 3 throwing nets (quivered)
 m - 8 poisoned darts
 o - 45 stones
Armour
 a - a +0 leather armour
 b - a +0 helmet
 u - a +0 ring mail
 v - a +0 scale mail (worn)
Jewellery
 i - an amulet of magic regeneration
Scrolls
 e - a scroll of fear {unknown}
 j - a scroll of brand weapon {unknown}
 k - 4 scrolls of identify {unknown}
 p - a scroll of enchant weapon {unknown}
Potions
 g - a potion of ambrosia {unknown}
 h - a potion of curing {unknown}
 l - a potion of brilliance {unknown}
 r - a potion of cancellation {unknown}
 t - a potion of degeneration {unknown}


   Skills:
 - Level 2.0 Fighting
 + Level 4.2 Short Blades
 - Level 1.7 Throwing
 - Level 2.6 Dodging
 - Level 2.9 Unarmed Combat


You had 4 spell levels left.
You didn't know any spells.
Your spell library contained the following spells:

 Spells                   Type           Power      Damage    Failure   Level
 Gell's Gravitas          Tloc           0%         N/A       99%         3
 Lesser Beckoning         Tloc           0%         N/A       99%         3
 Teleport Other           Tloc           0%         N/A       99%         3


Dungeon Overview and Level Annotations

Branches:
Dungeon (3/15)

Altars:
Beogh


Innate Abilities, Weirdness & Mutations

You have a pair of small antennae on your head.
You have large cloven feet.
Your demonic aura sometimes causes spilled blood to erupt in flames.
You regenerate a little health from kills.


Message History

The orc wizard is heavily wounded.
The orc wizard closely misses you.
You hit the orc wizard.
The orc wizard is severely wounded.
The orc wizard hits you with a +0 dagger.
You hit the orc wizard.
The orc wizard looks as sick as possible!
Your kick misses the orc wizard.
The orc wizard is almost dead.
You kill the orc wizard!
The orc priest calls down the wrath of Beogh upon you.
Beogh smites you!
Ouch! That really hurt!
Your Short Blades skill increases to level 4!
You have reached level 5!
Your demonic ancestry asserts itself...
Your blood heats up.
Okay, then.
An orc comes into view. It is wielding a +0 hand axe.
The orc wizard closely misses you. The orc priest barely misses you.
Things that are here:
a +0 dagger; a +0 robe; an orc corpse You completely miss the orc priest.
Your kick misses the orc priest.
The orc wizard hits you but does no damage.
The orc priest closely misses you.
You hit the orc priest but do no damage.
You closely miss the orc priest. You kick the orc priest.
The orc priest is moderately wounded.
The orc wizard points at you and mumbles some strange words.
The magic dart hits you!
* * * LOW HITPOINT WARNING * * *
The orc priest hits you with a +0 club.
* * * LOW HITPOINT WARNING * * *
It was a potion of flight.
You feel very buoyant.
You fly up into the air.
The orc wizard hits you but does no damage.
The orc priest invokes the aid of Beogh against you.
Beogh smites you!
You die...

##############
####.......##...#
#o@........##...#
#o##.......##...#
#.oo##......##...#
#.8. #......##...#
#.$$
#......##)..###
#$8.
#.......'......
##$_
#####+###...###
### #.##...####
#......+..#


You could see an orc priest, an orc wizard and an orc.

Vanquished Creatures
  An orc priest (D:3)
  An orc wizard (D:3)
  3 adders
  A worm (D:2)
  2 dart slugs (D:1)
  4 orcs (D:3)
  3 ball pythons
  5 endoplasms
  2 giant cockroaches
  6 hobgoblins
  4 jackals (D:2)
  3 kobolds
  A quokka (D:2)
  4 bats
  7 goblins
  6 rats
53 creatures vanquished.

Notes
Turn   | Place    | Note
-------+----------+-------------------------------------------
     0 | D:1      | dolemite99 the Demonspawn Gladiator began the quest for the
                  | Orb.
     0 | D:1      | Reached XP level 1. HP: 16/16 MP: 1/1
   793 | D:1      | Reached skill level 1 in Short Blades
   922 | D:1      | Discovered your monstrous ancestry.
   922 | D:1      | Gained mutation: You have a pair of small antennae on your
                  | head. [demonic ancestry]
   922 | D:1      | Reached XP level 2. HP: 22/22 MP: 2/2
  1051 | D:1      | You fall into a shaft and drop 1 floor!
  1252 | D:2      | Reached skill level 2 in Short Blades
  1265 | D:2      | Gained mutation: You regenerate a little health from kills.
                  | [demonic ancestry]
  1265 | D:2      | Reached XP level 3. HP: 23/27 MP: 3/3
  2374 | D:2      | HP: 1/27 [poisoned by a kobold]
  2793 | D:3      | Reached skill level 3 in Short Blades
  3137 | D:3      | Gained mutation: You have large cloven feet. [demonic
                  | ancestry]
  3137 | D:3      | Reached XP level 4. HP: 33/33 MP: 4/4
  4043 | D:3      | Reached skill level 4 in Short Blades
  4043 | D:3      | Gained mutation: Your demonic aura sometimes causes spilled
                  | blood to erupt in flames. [demonic ancestry]
  4043 | D:3      | Reached XP level 5. HP: 14/38 MP: 5/5
  4047 | D:3      | Killed from afar by an orc priest

Illustrated notes

Levels and vault maps discovered:
D:1:      wander_arrival_fairy_ring, layout_loops_ring,
          dilly_ecumenical_altar_fadedgnrine
D:2:      layout_basic
D:3:      layout_basic, kennysheep_orc_chapel

Skill      XL: |  1  2  3  4 |
---------------+-------------+-----
Short Blades   | 1 2 3 4 |  4.2
Fighting       | |  2.0
Throwing       | |  1.7
Dodging        | |  2.6
Unarmed Combat | |  2.9

Action                   |  1- 3 |  4- 6 || total
-------------------------+-------+-------++-------
Melee: Dagger            |   131 |    38 ||   169
       Unarmed           |    11 |       ||    11
       Punch             |     3 |     2 ||     5
       Kick              |       |     9 ||     9
  Use: Potion            |       |     1 ||     1
Armor: Leather armour    |    33 |     5 ||    38
       Ring mail         |       |     6 ||     6
       Scale mail        |       |     2 ||     2
Dodge: Dodged            |    84 |    31 ||   115

Table legend: (Time is in decaauts)
 A = Elapsed time spent in this place.
 B = Non-inter-level travel time spent in this place.
 C = Inter-level travel time spent in this place.
 D = Time resting spent in this place.
 E = Time spent auto-exploring this place.
 F = Levels seen in this place.
 G = Mean time per level.
                   A        B        C        D        E       F      G
               +--------+--------+--------+--------+--------+-----+--------+
         Total |   4025 |   3964 |     61 |   1921 |   1633 |   3 | 1341.7 |
       Dungeon |   4025 |   3964 |     61 |   1921 |   1633 |   3 | 1341.7 |
               +--------+--------+--------+--------+--------+-----+--------+

Top non-repeatable levels by time:
     D:2: 1622 daAuts
     D:3: 1354 daAuts
     D:1: 1048 daAuts
